 Dungeon Crawl Stone Soup version 0.28-a0-1545-g945cd3f27e (webtiles) character file.

Game seed: 15709470965848829373

272 Naow the Conjurer (level 6, 0/32 HPs)
             Began as a Deep Elf Conjurer on Jan 18, 2022.
             Slain by a scorpion (2 damage)
             ... on level 4 of the Dungeon.
             The game lasted 00:08:56 (4259 turns).

Naow the Conjurer (Deep Elf Conjurer)               Turns: 4259, Time: 00:08:57

Health: 0/32       AC:  4    Str:  6    XL:     6   Next: 2%
Magic:  6/15       EV: 13    Int: 23    God:
Gold:   134        SH:  0    Dex: 13    Spells: 14/15 levels left

rFire   . . .      SeeInvis .   (no weapon)
rCold   . . .      Faith    .   (no shield)
rNeg    . . .      Spirit   .   a - +0 robe
rPois   .          Reflect  .   (no helmet)
rElec   .          Harm     .   (no cloak)
rCorr   .          Rampage  .   j - +1 pair of gloves
Will    .....                   (no boots)
Stlth   +++.......              (no amulet)
HPRegen 0.10/turn               (no ring)
MPRegen 0.14/turn               (no ring)

@: lethally poisoned (0 -> -2)
A: no striking features
a: no special abilities


You were on level 4 of the Dungeon.
You visited 1 branch of the dungeon, and saw 4 of its levels.

You collected 134 gold pieces.

Inventory:

Armour
 a - a +0 robe (worn)
 j - a +1 pair of gloves (worn)
Jewellery
 c - a +6 ring of dexterity
Scrolls
 b - 3 scrolls of identify {unknown}
 e - a scroll of amnesia {unknown}
 i - a scroll of holy word {unknown}
Potions
 d - a potion of brilliance {unknown}
 f - a potion of curing {unknown}
 g - 2 potions of heal wounds {unknown}
 h - 2 potions of lignification {unknown}
 k - a potion of berserk rage {unknown}


   Skills:
 - Level 3.4 Dodging
 + Level 4.4 Stealth
 * Level 5.3 Spellcasting
 * Level 5.8 Conjurations


You had 14 spell levels left.
You knew the following spells:

 Your Spells              Type           Power      Damage    Failure   Level
a - Magic Dart            Conj           100%       1d8       1%          1

Your spell library contained the following spells:

 Spells                   Type           Power      Damage    Failure   Level
 Searing Ray              Conj           66%        2d6       1%          2
 Dazzling Flash           Conj/Hex       38%        N/A       9%          3
 Summon Small Mammal      Summ           24%        N/A       10%         1
 Fulminant Prism          Conj/Hex       9%         3d7       26%         4
 Iskenderun's Mystic Bla  Conj/Tloc      19%        2d6       26%         4
 Call Canine Familiar     Summ           6%         N/A       28%         3
 Summon Guardian Golem    Hex/Summ       6%         N/A       28%         3
 Agony                    Necr           6%         N/A       95%         5
 Silence                  Hex/Air        3%         N/A       95%         5


Dungeon Overview and Level Annotations

Branches:
Dungeon (4/15)
 Temple: D:4-7

Altars:


Message History

Aim: a scorpion (heavily wounded, 100% to hit)
The magic dart hits the scorpion.
The scorpion is severely wounded.
You feel sick. The scorpion closely misses you.
Casting: Magic Dart (safe; 1% risk of failure)
Confirm with . or Enter, or press ? or * to list all spells.
Aiming: Magic Dart (safe; 1% risk of failure)
Press: ? - help, Shift-Dir - straight line, f/p - scorpion
Aim: a scorpion (severely wounded, 100% to hit)
The magic dart hits the scorpion.
The scorpion is almost dead.
You feel sick. The scorpion barely misses you. x2
Casting: Magic Dart (safe; 1% risk of failure)
Confirm with . or Enter, or press ? or * to list all spells.
Aiming: Magic Dart (safe; 1% risk of failure)
Press: ? - help, Shift-Dir - straight line, f/p - scorpion
Aim: a scorpion (almost dead, 100% to hit)
The magic dart hits the scorpion.
The scorpion is almost dead.
You feel sick. The scorpion stings you!
* * * LOW HITPOINT WARNING * * *
Casting: Magic Dart (safe; 1% risk of failure)
Confirm with . or Enter, or press ? or * to list all spells.
Aiming: Magic Dart (safe; 1% risk of failure)
Press: ? - help, Shift-Dir - straight line, f/p - scorpion
Aim: a scorpion (almost dead, 100% to hit)
The magic dart hits the scorpion but does no damage.
The scorpion is almost dead.
You feel sick. The scorpion stings you.
* * * LOW HITPOINT WARNING * * *
Casting: Magic Dart (safe; 1% risk of failure)
Confirm with . or Enter, or press ? or * to list all spells.
Aiming: Magic Dart (safe; 1% risk of failure)
Press: ? - help, Shift-Dir - straight line, f/p - scorpion
Aim: a scorpion (almost dead, 100% to hit)
The magic dart hits the scorpion but does no damage.
The scorpion is almost dead.
* * * LOW HITPOINT WARNING * * *
You feel sick. The scorpion stings you.
You die...

. . .# # .# #######
..
......###########.#
.))............<#.#
###############.#.#
#################.#
................@.#
#################s#
.# ##


You could see a scorpion.

Vanquished Creatures
  An orc priest (D:4)
  An iguana (D:4)
  An orc wizard (D:4)
  Robin (D:2)
  A gnoll (D:1)
  6 adders
  A worm (D:2)
  4 dart slugs
  12 orcs
  A bat (D:3)
  4 endoplasms
  2 giant cockroaches (D:1)
  6 hobgoblins
  3 jackals (D:3)
  12 kobolds
  3 quokkas
  7 ball pythons
  5 frilled lizards
  13 goblins
  10 rats
94 creatures vanquished.

Notes
Turn   | Place    | Note
-------+----------+-------------------------------------------
     0 | D:1      | Naow the Deep Elf Conjurer began the quest for the Orb.
     0 | D:1      | Reached XP level 1. HP: 10/10 MP: 6/6
   145 | D:1      | Reached XP level 2. HP: 15/15 MP: 1/8
   426 | D:1      | Found a faded altar of an unknown god.
   433 | D:1      | Reached XP level 3. HP: 19/19 MP: 2/10
  1715 | D:2      | Reached XP level 4. HP: 24/24 MP: 6/11
  1832 | D:2      | Found the +7 Throatcutter {drain, coup de grace}
  2045 | D:2      | Noticed Robin
  2079 | D:2      | Killed Robin
  2080 | D:2      | Reached skill level 5 in Conjurations
  2648 | D:3      | Reached XP level 5. HP: 28/28 MP: 7/13
  3843 | D:4      | Noticed an ogre
  4127 | D:4      | Reached skill level 5 in Spellcasting
  4140 | D:4      | Reached XP level 6. HP: 27/32 MP: 3/15
  4259 | D:4      | Slain by a scorpion

Illustrated notes

Levels and vault maps discovered:
D:1:      wheals_arrival_linesprint, layout_basic,
          chequers_ecumenical_altar_lobes
D:2:      layout_loops_ring, minmay_unequal, uniq_robin
D:3:      layout_loops_ring
D:4:      layout_basic, trog_wizard, grunt_ministairs_1

Skill      XL: |  1  2  3  4  5 |
---------------+----------------+-----
Stealth        | 3 4 |  4.4
Dodging        | 3 |  3.4
Spellcasting   | 4 5 |  5.3
Conjurations   | 5 |  5.8

Action                   |  1- 3 |  4- 6 || total
-------------------------+-------+-------++-------
 Cast: Magic Dart        |    83 |   126 ||   209
Armor: Robe              |       |     3 ||     3
Dodge: Dodged            |     1 |    17 ||    18

Table legend: (Time is in decaauts)
 A = Elapsed time spent in this place.
 B = Non-inter-level travel time spent in this place.
 C = Inter-level travel time spent in this place.
 D = Time resting spent in this place.
 E = Time spent auto-exploring this place.
 F = Levels seen in this place.
 G = Mean time per level.
                   A        B        C        D        E       F      G
               +--------+--------+--------+--------+--------+-----+--------+
         Total |   4260 |   4139 |    121 |     58 |   3441 |   4 | 1065.0 |
       Dungeon |   4260 |   4139 |    121 |     58 |   3441 |   4 | 1065.0 |
               +--------+--------+--------+--------+--------+-----+--------+

Top non-repeatable levels by time:
     D:1: 1271 daAuts
     D:2: 1140 daAuts
     D:3: 1110 daAuts
     D:4: 737 daAuts
